 Dungeon Crawl Stone Soup version 0.29.0-4-gdea44cf6ec (webtiles) character file.

Game seed: 14724424195830895399

35994 qw the Cleaver (level 13, -7/82 HPs)
             Began as a Gargoyle Fighter on Sept 8, 2022.
             Was a High Priest of Okawaru.
             Mangled by a boulder beetle (20 damage)
             ... on level 4 of the Lair of Beasts.
             The game lasted 00:05:34 (16519 turns).

qw the Cleaver (Gargoyle Fighter)                  Turns: 16519, Time: 00:05:35

Health: -7/82      AC: 37    Str: 24    XL:     13   Next: 87%
Magic:  15/20      EV:  9    Int: 10    God:    Okawaru [*****.]
Gold:   2077       SH: 18    Dex:  9    Spells: 12/12 levels left

rFire   + . .      SeeInvis .   Y - +7 war axe (flame)
rCold   + . .      Faith    .   g - +0 tower shield
rNeg    + . .      Spirit   .   y - +1 chain mail of Xitzan {rPois rC++ Stlth+}
rPois   inf        Reflect  .   (no helmet)
rElec   +          Harm     .   u - +2 cloak
rCorr   .          Rampage  .   k - +2 pair of gloves
Will    .....                   s - +1 pair of boots {Fly}
Stlth   +.........              (no amulet)
HPRegen 0.23/turn               f - ring of fire
MPRegen 0.17/turn               v - +4 ring of protection

@: about to teleport, heroic, finesse-ful, flying
A: sickness immunity, AC +9, negative energy resistance 1, electricity
resistance, torment resistance 1, petrification resistance, wild magic 1,
evolution 1
a: Renounce Religion, Heroism, Finesse, Duel


You were on level 4 of the Lair of Beasts.
You worshipped Okawaru.
Okawaru was extremely pleased with you.
You visited 3 branches of the dungeon, and saw 15 of its levels.

You collected 2103 gold pieces.
You spent 26 gold pieces at shops.


Innate Abilities, Weirdness & Mutations

You are immune to sickness and miasma.
Your stone body is resilient. (AC +9)
You are immune to poison.
You resist negative energy. (rN+)
You are resistant to electric shocks. (rElec)
You are resistant to unholy torment.
You are immune to petrification.
Your spells are a little harder to cast, but a little more powerful.
You have hidden genetic potential.


   Skills:
 - Level 10.0(15.0) Fighting
 - Level 12.7(17.7) Axes
 - Level 5.0(10.0) Throwing
 - Level 9.0(14.0) Armour
 - Level 2.0(7.0) Dodging
 + Level 12.6(17.6) Shields
 - Level 10.0 Invocations


You had 12 spell levels left.
You didn't know any spells.
Your spell library was empty.

Inventory:

Hand Weapons
 Y - a +7 war axe of flaming (weapon)
Missiles
 b - 7 boomerangs (quivered)
Armour
 g - a +0 tower shield (worn)
 h - a +0 plate armour
 k - a +2 pair of gloves (worn)
 s - a +1 pair of boots of flying (worn)
 u - a +2 cloak (worn)
 y - the +1 chain mail of Xitzan (worn) {rPois rC++ Stlth+}
   (You found it on level 2 of the Lair of Beasts)

   rC:        It greatly protects you from cold.
   rPois:     It protects you from poison.
   Stlth:     It makes you more stealthy.
Jewellery
 f - a ring of fire (left hand)
 v - a +4 ring of protection (right hand)
Scrolls
 a - 3 scrolls of identify
 w - a scroll of blinking
Potions
 d - 3 potions of might
 e - 2 potions of attraction
 i - 2 potions of lignification
 j - 9 potions of curing
 n - 3 potions of resistance
 o - 2 potions of magic
 p - a potion of haste
 t - a potion of mutation

Dungeon Overview and Level Annotations

Branches:
Dungeon (10/15)            Temple (1/1) D:4            Lair (4/5) D:10
 Shoals (0/4) Lair:3        Snake (0/4) Lair:2          Orc (0/2) D:10
  Slime: Lair:4-5

Altars:
Ashenzari
Cheibriados
Dithmenos
Elyvilon
Fedhas
Gozag
Kikubaaqudgha
Makhleb
Nemelex Xobeh
Okawaru
Qazlal
Ru
Sif Muna
Trog
Uskayaw
Vehumet
Xom
Yredelemnul
Zin
The Shining One

Shops:
D:1 ?

Annotations:
D:3 1 runed translucent door, Crazy Yiuf
D:4 1 runed translucent door, qw's ghost, amateur GrBe


Message History

Throw: 7 boomerangs
Press: ? - help, Q - select action Shift-Dir - straight line, f/p - boulder beetle You throw a boomerang.
The boomerang hits the boulder beetle.
The boulder beetle is lightly wounded.
Throw: 7 boomerangs
Press: ? - help, Q - select action Shift-Dir - straight line, f/p - boulder beetle You throw a boomerang.
The boomerang hits the boulder beetle!
The boulder beetle is lightly wounded.
The boulder beetle curls into a ball and begins rolling!
Throw: 7 boomerangs
Press: ? - help, Q - select action Shift-Dir - straight line, f/p - boulder beetle You throw a boomerang.
The boomerang hits the boulder beetle!
The boulder beetle is almost dead.
Throw: 7 boomerangs
Press: ? - help, Q - select action Shift-Dir - straight line, f/p - boulder beetle You throw a boomerang.
The boomerang hits the boulder beetle.
The boulder beetle is almost dead.
The boulder beetle hits you!
The boulder beetle stops rolling and uncurls.
You hit the boulder beetle but do no damage.
The boulder beetle is almost dead.
You hit the boulder beetle but do no damage.
You slash the boulder beetle! You burn the boulder beetle.
You kill the boulder beetle!
Okawaru is honoured by your kill. Okawaru grants you throwing weapons!
Something appears at your feet!
You hit the boulder beetle but do no damage.
The boulder beetle hits you!!!
Ouch! That really hurt!
The boulder beetle stops rolling and uncurls.
16517 ||| READING scroll of teleportation.
As you read the scroll of teleportation, it crumbles to dust.
You feel strangely unstable. The boulder beetle bites you.
You slash the boulder beetle! You burn the boulder beetle.
The boulder beetle is moderately wounded.
You slash the boulder beetle! You burn the boulder beetle.
The boulder beetle is heavily wounded.
The boulder beetle bites you!!
You die...

...# ... ....#
.((. ...P ##...
#..####P..# ####
#...P#...# #..###
#.......# ..%..#
### ##.B..P#
.....###.#
#..@...#
.###.....##
#.....## ##
##.#...## ##....#
#
###.....###.....#
#P......#...####.#
#..#....#..## #.#
###......### ##
#......# ########


You could see a boulder beetle.

Vanquished Creatures
  Snorg (Lair:3)
  A boulder beetle (Lair:4)
  A catoblepas (Lair:1)
  2 hydras
  A two-headed ogre (D:9)
  4 death yaks (Lair:3)
  2 lindwurms
  A necromancer (Lair:2)
  Pikel (D:7)
  2 ugly things
  2 cyclopes (D:6)
  10 elephants
  5 black mambas
  2 rime drakes
  Maggie (D:8)
  14 cane toads
  6 komodo dragons
  2 trolls (D:9)
  Grinder (D:6)
  4 hornets
  10 blink frogs
  A snapping turtle (Lair:3)
  A shadow (D:6)
  3 wyverns
  28 yaks
  3 basilisks
  A steam dragon (D:10)
  Eustachio (D:6)
  A naga (Lair:2)
  Menkaure (D:4)
  3 vampire mosquitoes (D:10)
  Edmund (D:5)
  8 water moccasins
  2 sky beasts
  3 black bears
  An ice beast (D:5)
  2 orc warriors (D:10)
  6 ogres
  9 wolves
  2 centaurs
  2 phantoms
  3 lemures (D:7)
  2 kobold brigands
  14 bullfrogs
  A necrophage (D:3)
  A gnoll sergeant (D:7)
  A wight (D:9)
  3 killer bees (D:10)
  4 electric eels
  5 crimson imps (D:7)
  4 jellies
  2 hounds
  2 gnoll boudas
  6 orc priests
  Jessica (D:3)
  5 iguanas
  Ijyb (D:3)
  Terence (D:2)
  10 orc wizards
  4 polar bear simulacra (Lair:2)
  3 yak simulacra (Lair:2)
  2 wolf simulacra (Lair:2)
  6 adders
  19 gnolls
  4 white imps (D:7)
  An ufetubus (D:5)
  4 worms
  2 dart slugs
  22 orcs
  6 ball pythons
  5 bats
  6 endoplasms
  3 giant cockroaches
  6 goblins
  5 hobgoblins
  3 jackals (D:1)
  11 kobolds
  2 quokkas (D:4)
  4 frilled lizards
  5 rats
  2 river rat simulacra (Lair:2)
343 creatures vanquished.

Vanquished Creatures (others)
  3 fungi
  10 plants
13 creatures vanquished.

Grand Total: 356 creatures vanquished

Notes
Turn   | Place    | Note
-------+----------+-------------------------------------------
     0 | D:1      | qw the Gargoyle Fighter began the quest for the Orb.
     0 | D:1      | Reached XP level 1. HP: 14/14 MP: 1/1
     0 | D:1      | 0 ||| qw: Version: 0.1-a-111-g1c1fd2e
     0 | D:1      | 0 ||| qw: Game counter: 6612
     0 | D:1      | 0 ||| qw: Always use a shield: true
     0 | D:1      | 0 ||| qw: God list: Okawaru
     0 | D:1      | 0 ||| qw: Allow faded altars: false
     0 | D:1      | 0 ||| qw: Do Orc after D:15 true
     0 | D:1      | 0 ||| qw: Do second Lair branch before Depths: true
     0 | D:1      | 0 ||| qw: Lair rune preference: random
     0 | D:1      | 0 ||| qw: Plans: Normal, Zot, God:TSO, Crypt, Tomb, Zig,
                  | Orb
     0 | D:1      | 0 ||| PLANNING D:1-11
   253 | D:1      | Found a faded altar of an unknown god.
   285 | D:1      | Reached XP level 2. HP: 19/19 MP: 2/2
   312 | D:1      | You fall into a shaft and drop 1 floor!
   477 | D:2      | 477 ||| UPGRADING to +0 pair of boots.
   482 | D:2      | 482 ||| READING scroll labelled PIT KARUWK.
   483 | D:2      | 483 ||| READING scroll labelled UPPOTHUMYA.
   585 | D:1      | Reached skill level 3 in Axes
   608 | D:1      | Reached XP level 3. HP: 23/23 MP: 3/3
   626 | D:1      | Found Loivafiozo's Magic Scroll Boutique.
   632 | D:1      | 632 ||| SHOPLISTING scroll of blinking (97 gold, have 43).
   632 | D:1      | 632 ||| BUYING scroll of identify (26 gold).
   632 | D:1      | Bought a scroll of identify for 26 gold pieces
   632 | D:1      | 632 ||| SHOPLISTING scroll of identify (26 gold, have 17).
   632 | D:1      | 632 ||| SHOPLISTING scroll of teleportation (39 gold, have
                  | 17).
   671 | D:1      | 671 ||| Stepping ~*~*~tactically~*~*~ (stealth).
   672 | D:1      | 672 ||| Stepping ~*~*~tactically~*~*~ (stealth).
   929 | D:1      | Found a shimmering blue altar of Sif Muna.
   930 | D:1      | 930 ||| READING 2 scrolls labelled QAIPED UNUZXIC.
   931 | D:1      | 931 ||| READING scroll of enchant weapon.
   931 | D:1      | 931 ||| ENCHANTING +1 war axe.
   935 | D:1      | 935 ||| READING scroll labelled QAASITUUSEK.
   936 | D:1      | 936 ||| DRINKING 2 clear potions.
   937 | D:1      | 937 ||| READING 2 scrolls of identify.
   937 | D:1      | 937 ||| IDENTIFYING metallic brown potion
   938 | D:1      | 938 ||| DROPPING potion of ambrosia.
  1136 | D:2      | Noticed Terence
  1149 | D:2      | Killed Terence
  1150 | D:2      | Reached XP level 4. HP: 14/28 MP: 4/4
  1519 | D:2      | 1519 ||| READING 2 scrolls labelled VIEXTE OFFA.
  1520 | D:2      | 1520 ||| READING scroll labelled FUSIUTRULI.
  1524 | D:2      | 1524 ||| DROPPING scroll of vulnerability.
  1661 | D:3      | Identified the +9 scale mail of Beogh's Inspiration {*Slow
                  | rN+ Stlth+}
  1708 | D:3      | Found a bloodstained altar of Trog.
  1771 | D:3      | Noticed an ogre
  1777 | D:3      | Killed an ogre
  1778 | D:3      | Reached XP level 5. HP: 32/32 MP: 5/5
  1800 | D:3      | Found a shimmering altar of Xom.
  1835 | D:3      | Found a stormy altar of Qazlal.
  1836 | D:3      | 1836 ||| Stepping ~*~*~tactically~*~*~ (stealth).
  1839 | D:3      | 1839 ||| Stepping ~*~*~tactically~*~*~ (stealth).
  1843 | D:3      | 1843 ||| Stepping ~*~*~tactically~*~*~ (stealth).
  1869 | D:3      | 1869 ||| Stepping ~*~*~tactically~*~*~ (stealth).
  1968 | D:3      | Noticed Ijyb
  1969 | D:3      | 1969 ||| Stepping ~*~*~tactically~*~*~ (hiding).
  1984 | D:3      | Reached skill level 1 in Throwing
  1988 | D:3      | Killed Ijyb
  2078 | D:3      | 2078 ||| Stepping ~*~*~tactically~*~*~ (hiding).
  2176 | D:3      | 2176 ||| Stepping ~*~*~tactically~*~*~ (stealth).
  2179 | D:3      | 2179 ||| Stepping ~*~*~tactically~*~*~ (stealth).
  2187 | D:3      | 2187 ||| Stepping ~*~*~tactically~*~*~ (stealth).
  2193 | D:3      | Reached XP level 6. HP: 36/38 MP: 6/6
  2553 | D:3      | Noticed Jessica
  2562 | D:3      | Killed Jessica
  2563 | D:3      | Reached skill level 1 in Dodging
  2730 | D:3      | Found a runed translucent door.
  2731 | D:3      | Noticed Crazy Yiuf
  2733 | D:3      | 2733 ||| DROPPING +0 mace.
  2736 | D:3      | 2736 ||| UPGRADING to +9 scale mail of Beogh's Inspiration
                  | {*Slow rN+ Stlth+}.
  2746 | D:3      | 2746 ||| DROPPING +0 scale mail.
  2747 | D:3      | 2747 ||| DRINKING 2 fuming blue potions.
  2748 | D:3      | 2748 ||| DRINKING 2 murky ruby potions.
  2787 | D:3      | 2787 ||| READING 2 scrolls of identify.
  2787 | D:3      | 2787 ||| IDENTIFYING viscous white potion
  2788 | D:3      | 2788 ||| DROPPING potion of berserk rage.
  2884 | D:4      | 2884 ||| STAIRDANCE
  3072 | D:4      | 3072 ||| STAIRDANCE
  3312 | D:4      | 3312 ||| Stepping ~*~*~tactically~*~*~ (stealth).
  3315 | D:4      | 3315 ||| Stepping ~*~*~tactically~*~*~ (stealth).
  3326 | D:4      | Found a staircase to the Ecumenical Temple.
  3327 | D:4      | 3327 ||| PLANNING TEMPLE
  3327 | D:4      | 3327 ||| READING scroll labelled HEVENO MIAMASOBO.
  3335 | Temple   | Entered the Ecumenical Temple
  3487 | Temple   | Became a worshipper of Warmaster Okawaru
  3496 | Temple   | 3496 ||| PLANNING D:1-11
  3539 | D:4      | Noticed Menkaure
  3540 | D:4      | 3540 ||| Stepping ~*~*~tactically~*~*~ (stealth).
  3551 | D:4      | Killed Menkaure
  3552 | D:4      | Reached skill level 6 in Axes
  3552 | D:4      | Reached XP level 7. HP: 31/43 MP: 7/7
  3662 | D:4      | Found a runed translucent door.
  3665 | D:4      | Noticed qw's ghost (amateur GrBe)
  4219 | D:4      | 4219 ||| UPGRADING to +0 pair of gloves.
  4224 | D:4      | 4224 ||| READING scroll labelled FUZANIUSEJ.
  4225 | D:4      | 4225 ||| READING 3 scrolls of identify.
  4225 | D:4      | 4225 ||| IDENTIFYING murky puce potion
  4226 | D:4      | 4226 ||| DROPPING potion of degeneration.
  4242 | D:5      | Entered Level 5 of the Dungeon
  4258 | D:5      | Noticed Edmund
  4272 | D:5      | HP: 10/43 [ice beast (14)]
  4273 | D:5      | 4273 ||| READING 2 scrolls of teleportation.
  4274 | D:5      | 4274 ||| DRINKING potion of heal wounds.
  4432 | D:5      | HP: 8/43 [Edmund/+5 dire flail of protection (22)]
  4433 | D:5      | 4433 ||| READING scroll of teleportation.
  4488 | D:5      | 4488 ||| FLEEEEING.
  4489 | D:5      | 4489 ||| FLEEEEING.
  4497 | D:5      | 4497 ||| FLEEEEING.
  4498 | D:5      | 4498 ||| FLEEEEING.
  4499 | D:5      | 4499 ||| FLEEEEING.
  4500 | D:5      | 4500 ||| FLEEEEING.
  4501 | D:5      | 4501 ||| FLEEEEING.
  4502 | D:5      | 4502 ||| FLEEEEING.
  4503 | D:5      | 4503 ||| FLEEEEING.
  4504 | D:5      | 4504 ||| STAIRDANCE
  4697 | D:4      | 4697 ||| READING scroll labelled NITUSH SE ELOS.
  4698 | D:4      | 4698 ||| DROPPING +0 hammer of pain.
  4722 | D:5      | Killed Edmund
  4722 | D:5      | Reached * piety under Okawaru
  4723 | D:5      | Reached XP level 8. HP: 44/49 MP: 8/8
  4723 | D:5      | 4723 ||| STAIRDANCE
  4801 | D:5      | 4801 ||| INVOKING Heroism.
  4804 | D:5      | Reached skill level 1 in Invocations
  4951 | D:5      | 4951 ||| Stepping ~*~*~tactically~*~*~ (hiding).
  4954 | D:5      | 4954 ||| INVOKING Heroism.
  4957 | D:5      | Reached skill level 3 in Invocations
  5238 | D:5      | Found a glowing golden altar of the Shining One.
  5272 | D:5      | 5272 ||| READING scroll labelled ROUNAO LAPRASS.
  5273 | D:5      | 5273 ||| READING 2 scrolls of identify.
  5273 | D:5      | 5273 ||| IDENTIFYING smoky green potion
  5368 | D:6      | 5368 ||| INVOKING Heroism.
  5387 | D:6      | 5387 ||| Stepping ~*~*~tactically~*~*~ (stealth).
  5389 | D:6      | Noticed Eustachio
  5390 | D:6      | 5390 ||| INVOKING Heroism.
  5399 | D:6      | Killed Eustachio
  5400 | D:6      | Reached skill level 6 in Fighting
  5594 | D:6      | 5594 ||| Stepping ~*~*~tactically~*~*~ (hiding).
  5595 | D:6      | 5595 ||| INVOKING Heroism.
  5597 | D:6      | 5597 ||| Stepping ~*~*~tactically~*~*~ (hiding).
  5598 | D:6      | 5598 ||| Stepping ~*~*~tactically~*~*~ (hiding).
  5607 | D:6      | Reached XP level 9. HP: 53/55 MP: 10/12
  5618 | D:6      | 5618 ||| Stepping ~*~*~tactically~*~*~ (stealth).
  5624 | D:6      | 5624 ||| Stepping ~*~*~tactically~*~*~ (hiding).
  5625 | D:6      | 5625 ||| INVOKING Heroism.
  5630 | D:6      | 5630 ||| Stepping ~*~*~tactically~*~*~ (hiding).
  5636 | D:6      | Reached ** piety under Okawaru
  5637 | D:6      | Noticed Grinder
  5638 | D:6      | 5638 ||| Stepping ~*~*~tactically~*~*~ (hiding).
  5644 | D:6      | Paralysed by Grinder for 5 turns
  5653 | D:6      | 5653 ||| INVOKING Heroism.
  5660 | D:6      | Paralysed by Grinder for 5 turns
  5667 | D:6      | Killed Grinder
  5668 | D:6      | Reached skill level 9 in Axes
  5687 | D:6      | Noticed a cyclops
  5688 | D:6      | 5688 ||| INVOKING Heroism.
  5707 | D:6      | Killed a cyclops
  5788 | D:6      | 5788 ||| Stepping ~*~*~tactically~*~*~ (stealth).
  5840 | D:6      | Noticed a cyclops
  5841 | D:6      | 5841 ||| INVOKING Heroism.
  5849 | D:6      | Killed a cyclops
  5849 | D:6      | Reached *** piety under Okawaru
  6042 | D:6      | 6042 ||| INVOKING Heroism.
  6191 | D:6      | 6191 ||| INVOKING Heroism.
  6193 | D:6      | Received a gift from Okawaru
  6201 | D:6      | Reached XP level 10. HP: 64/64 MP: 11/13
  6349 | D:6      | 6349 ||| UPGRADING to +0 plate armour.
  6359 | D:6      | 6359 ||| DROPPING +9 scale mail of Beogh's Inspiration
                  | {*Slow rN+ Stlth+}.
  6360 | D:6      | 6360 ||| READING 2 scrolls labelled GAOROKHLEIB.
  6361 | D:6      | 6361 ||| READING scroll labelled COUBIM HOROKU.
  6361 | D:6      | Identified a scroll of acquirement
  6361 | D:6      | 6361 ||| ACQUIRING 1089 gold pieces
  6361 | D:6      | Acquired 1089 gold pieces
  6363 | D:6      | 6363 ||| DROPPING scroll of magic mapping.
  6454 | D:7      | 6454 ||| INVOKING Heroism.
  6470 | D:7      | 6470 ||| FLEEEEING.
  6471 | D:7      | 6471 ||| FLEEEEING.
  6472 | D:7      | 6472 ||| FLEEEEING.
  6479 | D:7      | 6479 ||| STAIRDANCE
  6692 | D:7      | 6692 ||| INVOKING Heroism.
  6725 | D:7      | 6725 ||| INVOKING Heroism.
  6727 | D:7      | Found a snail-covered altar of Cheibriados.
  6727 | D:7      | Found a basalt altar of Yredelemnul.
  6758 | D:7      | 6758 ||| Stepping ~*~*~tactically~*~*~ (stealth).
  6762 | D:7      | 6762 ||| INVOKING Heroism.
  6819 | D:7      | 6819 ||| Stepping ~*~*~tactically~*~*~ (stealth).
  6821 | D:7      | 6821 ||| Stepping ~*~*~tactically~*~*~ (hiding).
  6823 | D:7      | 6823 ||| Stepping ~*~*~tactically~*~*~ (hiding).
  6832 | D:7      | 6832 ||| INVOKING Heroism.
  6856 | D:7      | 6856 ||| INVOKING Heroism.
  6859 | D:7      | 6859 ||| FLEEEEING.
  7072 | D:7      | 7072 ||| Stepping ~*~*~tactically~*~*~ (stealth).
  7073 | D:7      | 7073 ||| Stepping ~*~*~tactically~*~*~ (stealth).
  7074 | D:7      | 7074 ||| Stepping ~*~*~tactically~*~*~ (stealth).
  7075 | D:7      | 7075 ||| Stepping ~*~*~tactically~*~*~ (stealth).
  7077 | D:7      | 7077 ||| Stepping ~*~*~tactically~*~*~ (stealth).
  7091 | D:7      | 7091 ||| Stepping ~*~*~tactically~*~*~ (stealth).
  7149 | D:7      | Noticed Pikel
  7150 | D:7      | 7150 ||| INVOKING Heroism.
  7162 | D:7      | Killed Pikel
  7163 | D:7      | Reached skill level 6 in Armour
  7363 | D:7      | 7363 ||| INVOKING Heroism.
  7527 | D:7      | 7527 ||| INVOKING Heroism.
  7784 | D:7      | 7784 ||| INVOKING Heroism.
  7976 | D:8      | Noticed Maggie
  7984 | D:8      | Killed Maggie
  8164 | D:8      | 8164 ||| INVOKING Heroism.
  8183 | D:8      | Received a gift from Okawaru
  8189 | D:8      | 8189 ||| INVOKING Heroism.
  8603 | D:8      | Found a sacrificial altar of Ru.
  8613 | D:8      | Found an opulent altar of Gozag.
  8645 | D:8      | Reached **** piety under Okawaru
  8646 | D:8      | Reached skill level 3 in Throwing
  8654 | D:8      | 8654 ||| READING scroll of acquirement.
  8654 | D:8      | 8654 ||| ACQUIRING +2 cloak of the Fife {Harm}
  8654 | D:8      | Acquired the +2 cloak of the Fife {Harm}
  8715 | D:8      | 8715 ||| INVOKING Heroism.
  8717 | D:8      | Reached XP level 11. HP: 68/68 MP: 11/14
  8973 | D:8      | 8973 ||| READING 3 scrolls of identify.
  8973 | D:8      | 8973 ||| IDENTIFYING fuming green potion
  8979 | D:9      | 8979 ||| STAIRDANCE
  9008 | D:9      | 9008 ||| STAIRDANCE
  9023 | D:8      | 9023 ||| INVOKING Heroism.
  9140 | D:9      | Noticed a green ugly thing
  9141 | D:9      | 9141 ||| STAIRDANCE
  9183 | D:9      | 9183 ||| INVOKING Heroism.
  9194 | D:9      | Killed a green ugly thing
  9305 | D:9      | Noticed a two-headed ogre
  9306 | D:9      | 9306 ||| STAIRDANCE
  9353 | D:9      | 9353 ||| INVOKING Heroism.
  9357 | D:9      | Killed a two-headed ogre
  9358 | D:9      | Reached skill level 6 in Invocations
  9559 | D:9      | 9559 ||| INVOKING Heroism.
  9565 | D:9      | Reached skill level 9 in Fighting
  9579 | D:9      | 9579 ||| READING scroll of enchant weapon.
  9579 | D:9      | 9579 ||| ENCHANTING +2 war axe of flaming.
  9633 | D:9      | 9633 ||| Stepping ~*~*~tactically~*~*~ (stealth).
  9635 | D:9      | 9635 ||| Stepping ~*~*~tactically~*~*~ (hiding).
  9644 | D:9      | 9644 ||| Stepping ~*~*~tactically~*~*~ (stealth).
  9647 | D:9      | 9647 ||| Stepping ~*~*~tactically~*~*~ (hiding).
  9700 | D:9      | 9700 ||| Stepping ~*~*~tactically~*~*~ (hiding).
  9982 | D:9      | 9982 ||| INVOKING Heroism.
 10329 | D:9      | Found a burning altar of Makhleb.
 10329 | D:9      | Noticed a blizzard demon
 10350 | D:9      | 10350 ||| DROPPING orb of energy.
 10351 | D:9      | 10351 ||| DROPPING amulet of magic regeneration.
 10352 | D:9      | 10352 ||| READING scroll labelled GOAXAE ARYRAUKASED.
 10353 | D:9      | 10353 ||| READING 2 scrolls of identify.
 10353 | D:9      | 10353 ||| IDENTIFYING fizzy orange potion
 10385 | D:10     | Entered Level 10 of the Dungeon
 10530 | D:10     | 10530 ||| Stepping ~*~*~tactically~*~*~ (hiding).
 10531 | D:10     | 10531 ||| INVOKING Heroism.
 10576 | D:10     | 10576 ||| Stepping ~*~*~tactically~*~*~ (hiding).
 10578 | D:10     | 10578 ||| INVOKING Heroism.
 10637 | D:10     | Found a staircase to the Lair.
 10780 | D:10     | Noticed a brown ugly thing
 10788 | D:10     | Killed a brown ugly thing
 10892 | D:10     | 10892 ||| Stepping ~*~*~tactically~*~*~ (stealth).
 11019 | D:10     | Found a staircase to the Orcish Mines.
 11086 | D:10     | 11086 ||| Stepping ~*~*~tactically~*~*~ (stealth).
 11087 | D:10     | 11087 ||| INVOKING Heroism.
 11088 | D:10     | 11088 ||| Stepping ~*~*~tactically~*~*~ (hiding).
 11090 | D:10     | 11090 ||| Stepping ~*~*~tactically~*~*~ (hiding).
 11098 | D:10     | Reached ***** piety under Okawaru
 11324 | D:10     | 11324 ||| Stepping ~*~*~tactically~*~*~ (stealth).
 11326 | D:10     | 11326 ||| INVOKING Heroism.
 11327 | D:10     | 11327 ||| Stepping ~*~*~tactically~*~*~ (stealth).
 11336 | D:10     | 11336 ||| Stepping ~*~*~tactically~*~*~ (stealth).
 11542 | D:10     | 11542 ||| PLANNING LAIR
 11542 | D:10     | 11542 ||| READING 3 scrolls of identify.
 11542 | D:10     | 11542 ||| IDENTIFYING murky silvery potion
 11650 | Lair:1   | Entered Level 1 of the Lair of Beasts
 11651 | Lair:1   | You fall into a shaft and drop 1 floor!
 11652 | Lair:2   | 11652 ||| INVOKING Heroism.
 11660 | Lair:2   | Received a gift from Okawaru
 11687 | Lair:2   | 11687 ||| Stepping ~*~*~tactically~*~*~ (stealth).
 11794 | Lair:2   | Received a gift from Okawaru
 11801 | Lair:2   | 11801 ||| INVOKING Heroism.
 11804 | Lair:2   | Reached XP level 12. HP: 73/76 MP: 15/18
 11927 | Lair:2   | 11927 ||| UPGRADING to +1 pair of boots of flying.
 11937 | Lair:2   | 11937 ||| DROPPING +0 pair of boots.
 11963 | Lair:1   | 11963 ||| INVOKING Heroism.
 12156 | Lair:1   | 12156 ||| Stepping ~*~*~tactically~*~*~ (stealth).
 12159 | Lair:1   | 12159 ||| INVOKING Heroism.
 12163 | Lair:1   | Reached skill level 9 in Invocations
 12178 | Lair:1   | Reached skill level 12 in Axes
 12229 | Lair:1   | Noticed a catoblepas
 12230 | Lair:1   | 12230 ||| INVOKING Heroism.
 12231 | Lair:1   | 12231 ||| INVOKING Finesse.
 12239 | Lair:1   | Killed a catoblepas
 12466 | Lair:1   | 12466 ||| INVOKING Heroism.
 12507 | Lair:1   | 12507 ||| INVOKING Heroism.
 12669 | Lair:1   | 12669 ||| UPGRADING to +1 pair of gloves.
 12679 | Lair:1   | 12679 ||| DROPPING +0 pair of gloves.
 12680 | Lair:1   | 12680 ||| DRINKING 2 yellow potions.
 12680 | Lair:1   | Gained mutation: You expend magic power (3 MP) to
                  | strengthen your wands. [potion of mutation]
 12680 | Lair:1   | Lost mutation: You expend magic power (3 MP) to strengthen
                  | your wands. [potion of mutation]
 12680 | Lair:1   | Gained mutation: You have hidden genetic potential. [potion
                  | of mutation]
 12751 | Lair:2   | Found a staircase to the Snake Pit.
 12752 | Lair:2   | 12752 ||| Stepping ~*~*~tactically~*~*~ (hiding).
 12765 | Lair:2   | 12765 ||| INVOKING Heroism.
 12767 | Lair:2   | Reached skill level 6 in Shields
 13088 | Lair:2   | 13088 ||| READING scroll of enchant weapon.
 13088 | Lair:2   | 13088 ||| ENCHANTING +3 war axe of flaming.
 13102 | Lair:2   | 13102 ||| READING scroll of enchant armour.
 13102 | Lair:2   | 13102 ||| ENCHANTING +1 pair of gloves.
 13112 | Lair:2   | Found a hide-covered altar of Uskayaw.
 13124 | Lair:2   | 13124 ||| READING 3 scrolls of enchant weapon.
 13124 | Lair:2   | 13124 ||| ENCHANTING +4 war axe of flaming.
 13125 | Lair:2   | 13125 ||| READING 2 scrolls of enchant weapon.
 13125 | Lair:2   | 13125 ||| ENCHANTING +5 war axe of flaming.
 13126 | Lair:2   | 13126 ||| READING scroll of enchant weapon.
 13126 | Lair:2   | 13126 ||| ENCHANTING +6 war axe of flaming.
 13184 | Lair:2   | 13184 ||| INVOKING Heroism.
 13240 | Lair:2   | 13240 ||| INVOKING Heroism.
 13249 | Lair:2   | Reached skill level 9 in Armour
 13434 | Lair:2   | 13434 ||| INVOKING Heroism.
 13549 | Lair:2   | 13549 ||| Stepping ~*~*~tactically~*~*~ (hiding).
 13550 | Lair:2   | 13550 ||| Stepping ~*~*~tactically~*~*~ (hiding).
 13723 | Lair:2   | 13723 ||| INVOKING Heroism.
 13770 | Lair:2   | 13770 ||| Stepping ~*~*~tactically~*~*~ (hiding).
 13866 | Lair:2   | 13866 ||| INVOKING Heroism.
 14016 | Lair:2   | 14016 ||| INVOKING Heroism.
 14329 | Lair:2   | 14329 ||| INVOKING Heroism.
 14376 | Lair:2   | Noticed an eight-headed hydra
 14382 | Lair:2   | Killed a seven-headed hydra
 14383 | Lair:2   | Reached XP level 13. HP: 82/82 MP: 20/20
 14494 | Lair:2   | Identified the +1 chain mail of Xitzan {rPois rC++ Stlth+}
 14586 | Lair:2   | 14586 ||| UPGRADING to +0 tower shield.
 14596 | Lair:2   | 14596 ||| DROPPING +0 buckler.
 14597 | Lair:2   | 14597 ||| DROPPING +2 cloak of the Fife {Harm}.
 14598 | Lair:2   | 14598 ||| UPGRADING to +2 cloak.
 14603 | Lair:2   | 14603 ||| UPGRADING to +1 chain mail of Xitzan {rPois rC++
                  | Stlth+}.
 14613 | Lair:2   | 14613 ||| UPGRADING to ring of fire.
 14614 | Lair:2   | 14614 ||| READING scroll labelled TELEIG YSET.
 14685 | Lair:2   | 14685 ||| READING scroll labelled CECONTUOBUAPS.
 14721 | Lair:3   | 14721 ||| INVOKING Heroism.
 14724 | Lair:3   | 14724 ||| STAIRDANCE
 14734 | Lair:3   | 14734 ||| STAIRDANCE
 14748 | Lair:2   | Received a gift from Okawaru
 14752 | Lair:3   | 14752 ||| STAIRDANCE
 14755 | Lair:2   | 14755 ||| INVOKING Heroism.
 14806 | Lair:3   | 14806 ||| STAIRDANCE
 14823 | Lair:3   | 14823 ||| INVOKING Heroism.
 15029 | Lair:3   | 15029 ||| INVOKING Heroism.
 15030 | Lair:3   | 15030 ||| INVOKING Finesse.
 15037 | Lair:3   | Received a gift from Okawaru
 15042 | Lair:3   | Gained mutation: Your spells are a little harder to cast,
                  | but a little more powerful. [hidden potential]
 15043 | Lair:3   | Reached skill level 9 in Shields
 15136 | Lair:3   | 15136 ||| INVOKING Heroism.
 15146 | Lair:3   | Received a gift from Okawaru
 15292 | Lair:3   | 15292 ||| INVOKING Heroism.
 15353 | Lair:3   | Noticed Snorg
 15354 | Lair:3   | 15354 ||| INVOKING Heroism.
 15355 | Lair:3   | 15355 ||| INVOKING Finesse.
 15363 | Lair:3   | Killed Snorg
 15426 | Lair:3   | Received a gift from Okawaru
 15462 | Lair:3   | Found a staircase to the Shoals.
 15463 | Lair:3   | 15463 ||| Stepping ~*~*~tactically~*~*~ (hiding).
 15479 | Lair:3   | 15479 ||| INVOKING Heroism.
 15674 | Lair:3   | 15674 ||| INVOKING Heroism.
 16230 | Lair:3   | 16230 ||| UPGRADING to +4 ring of protection.
 16231 | Lair:3   | 16231 ||| READING 4 scrolls of identify.
 16231 | Lair:3   | 16231 ||| IDENTIFYING bubbling emerald potion
 16232 | Lair:3   | 16232 ||| READING 3 scrolls of identify.
 16232 | Lair:3   | 16232 ||| IDENTIFYING blue potion
 16233 | Lair:3   | 16233 ||| DROPPING potion of brilliance.
 16234 | Lair:3   | 16234 ||| DROPPING potion of flight.
 16291 | Lair:4   | 16291 ||| INVOKING Heroism.
 16299 | Lair:4   | Reached skill level 12 in Shields
 16498 | Lair:4   | 16498 ||| INVOKING Heroism.
 16499 | Lair:4   | 16499 ||| INVOKING Finesse.
 16516 | Lair:4   | Received a gift from Okawaru
 16516 | Lair:4   | HP: 18/82 [boulder beetle (43)]
 16517 | Lair:4   | 16517 ||| READING scroll of teleportation.
 16519 | Lair:4   | Mangled by a boulder beetle

Levels and vault maps discovered:
D:1:      dpeg_arrival_lava_altar, layout_basic, ebering_ecumenical_altar_ruins,
          serial_shops, nicolae_shop_crystal, serial_bayou_pond_e
D:2:      layout_basic, uniq_terence
D:3:      layout_basic, pf_just_have_faith, mainiacjoe_overflow_24_doors,
          lemuel_doored_altar, uniq_crazy_yiuf_cottage, uniq_ijyb, uniq_jessica
D:4:      layout_rooms, minmay_temple_entry_junction,
          hellmonk_ghost_happy_afterlife, ebering_dispersal_statue_hall,
          uniq_menkaure
D:5:      layout_rooms, mainiacjoe_overflow_alcove_4, kennysheep_generic_room_6,
          uniq_edmund
D:6:      layout_basic, grunt_ministairs_15, kb_rosetta, uniq_eustachio,
          uniq_grinder
D:7:      layout_basic, nicolae_overflow_squiral, enter_bailey_8,
          minmay_nine_imps, uniq_pikel
D:8:      layout_basic, minitemple, uniq_maggie
D:9:      minmay_angry_zag, layout_basic, makhleb_altar_promises_db,
          minmay_misc_feat_iff
D:10:     layout_gridville, erik_lair_dragon, orc_0_dummy
Temple:   nicolae_temple_figure_eight
Lair:1:   layout_big_grid
Lair:2:   cheibrodos_lair_overgrown_chateau, layout_long_grid,
          guppyfry_snake_entry_garden, basic_altar, eino_house_with_fridge,
          serial_bayou_shore_b
Lair:3:   layout_big_grid, minmay_shoals_entry_hut, uniq_snorg
Lair:4:   layout_layer_cave, beast_lair_carwin_9

Skill      XL: |  1  2  3  4  5  6  7  8  9 10 11 12 13 |
---------------+----------------------------------------+-----
Axes           | 2 3 5 6 7 8 9 11 12 | 12.7
Throwing       | 1 3 4 5 |  5.0
Fighting       | 4 5 6 8 9 10 | 10.0
Dodging        | 1 2 |  2.0
Invocations    | 4 8 10 | 10.0
Shields        | 5 6 12 | 12.6
Armour         | 7 8 9 |  9.0

Action                   |  1- 3 |  4- 6 |  7- 9 | 10-12 | 13-15 || total
-------------------------+-------+-------+-------+-------+-------++-------
Melee: War axe           |    71 |   101 |   201 |   481 |   169 ||  1023
Throw: Boomerang         |    28 |    17 |       |    17 |    16 ||    78
       Javelin           |       |       |       |    64 |    48 ||   112
Invok: Heroism           |       |       |    11 |    37 |    11 ||    59
       Finesse           |       |       |       |     1 |     3 ||     4
  Use: Scroll            |     6 |     4 |     7 |    13 |     5 ||    35
       Potion            |     1 |     2 |     1 |     1 |       ||     5
Armor: Scale mail        |    30 |    43 |    86 |       |       ||   159
       Skin              |       |     3 |       |       |       ||     3
       Plate armour      |       |       |       |   243 |       ||   243
       Chain mail        |       |       |       |       |   106 ||   106
Dodge: Dodged            |    33 |    39 |    74 |   126 |    42 ||   314
Block: Buckler           |    14 |    10 |    40 |    97 |       ||   161
       Tower shield      |       |       |       |       |   139 ||   139

Table legend:
 A = Non-vault XP
 B = Vault XP
 C = Vault XP percentage of total XP
 D = Non-vault monster count
 E = Vault monster count
 F = Vault count percentage of total count
                 A         B        C        D         E       F
            +---------+---------+-------+---------+---------+-------
      Total |   37782 |   13639 |  26.5 |     276 |      64 |  18.8
            +---------+---------+-------+---------+---------+-------
        D:1 |      30 |       0 |   0.0 |      18 |       0 |   0.0
        D:2 |      22 |      36 |  62.1 |      11 |       1 |   8.3
        D:3 |     337 |      73 |  17.8 |      27 |       2 |   6.9
        D:4 |     213 |     165 |  43.7 |      13 |       1 |   7.1
        D:5 |     721 |     190 |  20.9 |      16 |       2 |  11.1
        D:6 |    1082 |    1885 |  63.5 |      19 |       7 |  26.9
        D:7 |     855 |    1115 |  56.6 |      29 |      11 |  27.5
        D:8 |    3360 |     389 |  10.4 |      25 |       1 |   3.8
        D:9 |    1094 |    1584 |  59.1 |      16 |       4 |  20.0
       D:10 |    1676 |    1141 |  40.5 |      14 |       5 |  26.3
     Lair:1 |    4195 |       0 |   0.0 |      16 |       0 |   0.0
     Lair:2 |    7903 |    5440 |  40.8 |      28 |      26 |  48.1
     Lair:3 |   13117 |    1203 |   8.4 |      31 |       2 |   6.1
     Lair:4 |    3177 |     418 |  11.6 |      13 |       2 |  13.3
            +---------+---------+-------+---------+---------+-------
